[Event "Titled Tuesday Blitz July 4 Early 2023"]
[White "Barbot, Pierre"]
[Black "Aanna12"]
[WhiteFideId "663727"]
[WhiteElo "2365"]
[BlackElo "2082"]
[Result "1-0"]
[Round "5"]
[TimeControl "180+2"]
[Date "2023.07.04"]
[WhiteClock "0:00:10"]
[BlackClock "0:00:00"]
[Board "196"]

1. d4 Nf6 2. Nf3 d6 3. Bf4 Nbd7 4. e3 g6 5. h3 Bg7 6. Be2 O-O 7. O-O Re8 8. Bh2 e5 9. c4 Qe7 10. Nc3 c6 11. Rc1 a6 12. b4 e4 13. Nd2 d5 14. c5 Nf8 15. a4 N6d7 16. Qb3 Ne6 17. b5 f5 18. Bd6 Qf7 19. bxc6 bxc6 20. a5 f4 21. Bg4 Ndf8 22. Nxd5 cxd5 23. Qxd5 Ra7 24. Nxe4 h5 25. Bf3 Nh7 26. exf4 Nxd4 27. Ng5 Nxf3+ 28. Qxf3 Nxg5 29. fxg5 Qxf3 30. gxf3 Bf5 31. c6 Rc8 32. c7 Bf8 33. Bf4 Rb7 34. Rfd1 Be7 35. Re1 Kf7 36. Re2 Rb5 37. Rce1 Bf8 38. Rd1 Rxa5 39. Rd8 1-0


[Site "https://www.chess.com"]

[Event "Titled Tuesday Blitz July 4 Early 2023"]
[White "Fernandez, Michael"]
[Black "Floresvillar Gonzalez, Luis Migu"]
[WhiteFideId "5803560"]
[BlackFideId "5100542"]
[WhiteElo "2361"]
[BlackElo "2076"]
[Result "0-1"]
[Round "5"]
[TimeControl "180+2"]
[Date "2023.07.04"]
[WhiteClock "0:00:52"]
[BlackClock "0:01:26"]
[Board "197"]

1. d4 d5 2. c4 c6 3. Nc3 Nf6 4. cxd5 cxd5 5. f3 Nc6 6. e4 dxe4 7. d5 exf3 8. dxc6 f2+ 9. Kxf2 Qb6+ 10. Ke1 bxc6 11. Bc4 Bg4 12. Nf3 Rd8 13. Qe2 e6 14. Be3 Bc5 15. Bxc5 Qxc5 16. Rd1 O-O 17. Rxd8 Rxd8 18. Bb3 a5 19. h3 Bh5 20. g4 Bg6 21. Kf1 Bd3 0-1


[Site "https://www.chess.com"]

[Event "Titled Tuesday Blitz July 4 Early 2023"]
[White "Fisabilillah, Ummi"]
[Black "Blackwhite017"]
[WhiteFideId "7104804"]
[WhiteElo "2359"]
[BlackElo "2061"]
[Result "1-0"]
[Round "5"]
[TimeControl "180+2"]
[Date "2023.07.04"]
[WhiteClock "0:00:57"]
[BlackClock "0:00:04"]
[Board "198"]

1. e4 c5 2. Nf3 d6 3. Bc4 Nf6 4. d3 g6 5. O-O Bg7 6. c3 O-O 7. Re1 e5 8. Bg5 h6 9. Bh4 Nc6 10. Nbd2 Rb8 11. a4 a6 12. Bb3 b5 13. d4 g5 14. dxe5 Nxe5 15. Nxe5 dxe5 16. Bg3 Qe7 17. axb5 axb5 18. Nf3 Bg4 19. Qe2 Nh5 20. h3 Nf4 21. Bxf4 Bxf3 22. Qxf3 exf4 23. Ra6 c4 24. Bc2 Rfd8 25. e5 Rd2 26. Qe4 Qc5 27. Rf1 Qxe5 28. Qh7+ Kf8 29. Ra7 Qe2 30. Bg6 fxg6 31. Qxg7+ Ke8 32. Qh8# 1-0


[Site "https://www.chess.com"]

[Event "Titled Tuesday Blitz July 4 Early 2023"]
[White "Goswami, Vedant"]
[Black "Guevara Sanchez, Erick Marvin"]
[WhiteFideId "5003725"]
[BlackFideId "6700136"]
[WhiteElo "2358"]
[BlackElo "2059"]
[Result "1-0"]
[Round "5"]
[TimeControl "180+2"]
[Date "2023.07.04"]
[WhiteClock "0:00:18"]
[BlackClock "0:00:37"]
[Board "199"]

1. b3 e5 2. Bb2 Nc6 3. c4 Nf6 4. Nf3 d6 5. e3 Be7 6. d4 Bf5 7. Nc3 exd4 8. Nxd4 Nxd4 9. Qxd4 O-O 10. Nd5 Re8 11. Be2 c6 12. Nxe7+ Qxe7 13. O-O-O d5 14. g4 Be4 15. g5 Bxh1 16. gxf6 Qe4 17. fxg7 Qxd4 18. Bxd4 Be4 19. c5 Bg6 20. h4 h5 21. Rg1 Re4 22. f4 Rae8 23. Kd2 a5 24. Bd3 Rxd4 25. exd4 Bxd3 26. Kxd3 Re4 27. f5 Rxh4 28. Rg5 Rg4 29. Rxg4 hxg4 30. f6 Kh7 31. Ke3 Kg8 32. Kf4 g3 33. Kxg3 a4 34. bxa4 Kh7 35. Kf4 Kg8 36. Ke5 Kh7 37. Kd6 Kg8 38. Kc7 Kh7 39. Kxb7 Kg8 40. Kxc6 Kh7 41. Kxd5 Kg8 42. c6 Kh7 43. c7 Kg8 44. c8=Q+ Kh7 45. g8=Q+ Kh6 46. Qg7+ Kh5 47. Qch8# 1-0


[Site "https://www.chess.com"]

[Event "Titled Tuesday Blitz July 4 Early 2023"]
[White "Goughfather"]
[Black "Rabineau, Clement"]
[BlackFideId "628891"]
[WhiteElo "2043"]
[BlackElo "2353"]
[Result "0-1"]
[Round "5"]
[TimeControl "180+2"]
[Date "2023.07.04"]
[WhiteClock "0:00:00"]
[BlackClock "0:00:06"]
[Board "200"]

1. d4 d6 2. Bf4 g6 3. Nc3 Bg7 4. e4 a6 5. Qd2 b5 6. Be3 Bb7 7. f3 Nd7 8. Nd1 c5 9. c3 Rc8 10. Bd3 Qa5 11. Ne2 e5 12. Nf2 Ne7 13. h4 cxd4 14. cxd4 Qxd2+ 15. Kxd2 f5 16. exf5 gxf5 17. Bg5 Rf8 18. Rac1 h6 19. Bxe7 Kxe7 20. Rxc8 Bxc8 21. Ng3 Nb6 22. Nh5 Bh8 23. dxe5 dxe5 24. Re1 Rd8 25. Kc2 Be6 26. Ng3 Kf6 27. f4 e4 28. Be2 Ke7 29. b3 Rc8+ 30. Kb1 Nd5 31. Nd1 Kf6 0-1


[Site "https://www.chess.com"]

[Event "Titled Tuesday Blitz July 4 Early 2023"]
[White "Skiadopoulos, Nikolaos"]
[Black "Osinovsky, Stepan"]
[WhiteFideId "4200772"]
[BlackFideId "4157354"]
[WhiteElo "1888"]
[BlackElo "2293"]
[Result "0-1"]
[Round "5"]
[TimeControl "180+2"]
[Date "2023.07.04"]
[WhiteClock "0:01:04"]
[BlackClock "0:00:28"]
[Board "201"]

1. e4 e5 2. Nf3 Nc6 3. Bc4 Nf6 4. Ng5 d5 5. exd5 Na5 6. Bb5+ c6 7. dxc6 bxc6 8. Be2 h6 9. Nh3 Bxh3 10. gxh3 Bd6 11. d3 O-O 12. Nc3 Nb7 13. Rg1 Kh7 14. Be3 Nc5 15. Qd2 Rb8 16. O-O-O Qb6 17. b3 Qa5 18. Rxg7+ Kxg7 19. Bxh6+ Kh7 20. Qg5 Rg8 21. Qh4 Rg6 22. Bg5+ Kg7 23. Bxf6+ Rxf6 24. Bh5 Qxc3 25. Rg1+ Rg6 26. Kb1 Rxg1+ 0-1


[Site "https://www.chess.com"]

[Event "Titled Tuesday Blitz July 4 Early 2023"]
[White "Bashirli, Saadat"]
[Black "Winkels, Marcel"]
[WhiteFideId "13429990"]
[BlackFideId "1003887"]
[WhiteElo "2340"]
[BlackElo "2059"]
[Result "1-0"]
[Round "5"]
[TimeControl "180+2"]
[Date "2023.07.04"]
[WhiteClock "0:00:36"]
[BlackClock "0:00:00"]
[Board "202"]

1. d4 Nf6 2. e3 g6 3. f4 Bg7 4. Bd3 O-O 5. Nf3 d6 6. O-O Nc6 7. c3 e5 8. Nbd2 Re8 9. Qc2 Ng4 10. Re1 exf4 11. exf4 Rxe1+ 12. Nxe1 Qh4 13. Ndf3 Qe7 14. Bd2 Bd7 15. g3 Ne3 16. Bxe3 Qxe3+ 17. Qf2 Qe7 18. Ng2 Re8 19. Re1 Qf6 20. Ne3 Qd8 21. Bc4 h6 22. Nh4 Na5 23. Bd3 c5 24. d5 b5 25. Qc2 c4 26. Be4 Qe7 27. Bf3 Nb7 28. Re2 Qf8 29. b4 cxb3 30. axb3 Nc5 31. b4 Na4 32. Nd1 Rxe2 33. Bxe2 Qe7 34. Nf3 Qf6 35. Nd4 Nb6 36. Ne3 Qe7 37. Kf2 1-0


[Site "https://www.chess.com"]

[Event "Titled Tuesday Blitz July 4 Early 2023"]
[White "Vifleemskaia, Svetlana"]
[Black "Warchol, Kamil"]
[WhiteFideId "4129490"]
[BlackFideId "21858241"]
[WhiteElo "2319"]
[BlackElo "2231"]
[Result "1/2-1/2"]
[Round "5"]
[TimeControl "180+2"]
[Date "2023.07.04"]
[WhiteClock "0:00:13"]
[BlackClock "0:00:07"]
[Board "203"]

1. d4 Nf6 2. c4 e6 3. Nc3 Bb4 4. e3 O-O 5. Ne2 c6 6. a3 Ba5 7. b4 Bc7 8. f4 d5 9. Ng3 a5 10. Bd2 Nbd7 11. c5 b6 12. Bd3 bxc5 13. bxc5 Ba6 14. Qe2 Bxd3 15. Qxd3 Qc8 16. O-O Qa6 17. Qxa6 Rxa6 18. a4 Rb8 19. Rab1 Raa8 20. Rxb8+ Rxb8 21. Rb1 Ne8 22. Kf2 f6 23. Ke2 e5 24. Kd3 Kf7 25. Rxb8 Nxb8 26. Nce2 Na6 27. Nc1 g6 28. Nb3 Nb4+ 29. Bxb4 axb4 30. a5 exf4 31. exf4 Bxf4 32. a6 Bb8 33. Na5 Nc7 34. a7 Bxa7 35. Nxc6 Nb5 36. Nxb4 Ke6 37. Ne2 Bb8 38. Nc6 Bxh2 39. Nc3 Nxc3 40. Kxc3 h5 41. Kd3 g5 42. Nb4 g4 43. Ke3 h4 44. Nc2 Bc7 45. Kf2 Bg3+ 46. Ke3 h3 47. gxh3 gxh3 48. Kf3 Bc7 49. Ne3 Ba5 50. Kg3 Bc3 51. Nc2 Kf5 52. Kxh3 Ke4 53. c6 Ba5 54. Kg4 Kd3 55. Na3 Kxd4 56. Nb5+ Kc5 57. c7 Bxc7 58. Nxc7 d4 59. Ne6+ Kd5 60. Nxd4 Kxd4 61. Kf5 Kc4 62. Kxf6 1/2-1/2


[Site "https://www.chess.com"]

[Event "Titled Tuesday Blitz July 4 Early 2023"]
[White "Wang, Alexander J"]
[Black "Hartikainen, Jarmo"]
[WhiteFideId "30955270"]
[BlackFideId "503134"]
[WhiteElo "2308"]
[BlackElo "2153"]
[Result "1/2-1/2"]
[Round "5"]
[TimeControl "180+2"]
[Date "2023.07.04"]
[WhiteClock "0:00:22"]
[BlackClock "0:00:16"]
[Board "204"]

1. e4 c5 2. Nf3 Nc6 3. d4 cxd4 4. Nxd4 Nf6 5. Nc3 d6 6. g3 e5 7. Nde2 Be6 8. Bg2 a6 9. a4 Be7 10. O-O Rc8 11. h3 O-O 12. Be3 Nb4 13. Qd2 d5 14. exd5 Nbxd5 15. Rad1 Nxe3 16. Qxe3 Qc7 17. g4 h6 18. Ng3 Rfd8 19. Nge4 Nxe4 20. Qxe4 b5 21. axb5 axb5 22. Nd5 Bxd5 23. Rxd5 Qxc2 24. Rxd8+ Bxd8 25. Qxe5 Bf6 26. Qxb5 Qxb2 27. Qf5 Qc3 28. Rd1 g6 29. Qf3 Qxf3 30. Bxf3 Kg7 31. Bg2 Rc7 32. Be4 Re7 33. f3 Rc7 34. Rb1 Rd7 35. Rb7 Rxb7 36. Bxb7 Bg5 37. Be4 Bf4 38. Kf2 Kf6 39. Ke2 Kg5 40. Kf1 Kh4 41. Kg2 Kg5 42. Bd5 f5 43. Kf1 fxg4 44. hxg4 h5 45. gxh5 gxh5 46. Kg2 h4 47. Be6 Bg3 48. Bg4 Bf4 49. Kh3 Bg3 50. Kg2 Bf4 51. Bh3 Bg3 52. Kf1 Bf4 53. Ke2 Bg3 54. Kd3 Kf4 55. Bg4 Bf2 56. Ke2 Bg3 57. Kd3 Bh2 58. Ke2 Bg3 59. Kf1 h3 60. Bxh3 Kxf3 1/2-1/2


[Site "https://www.chess.com"]

[Event "Titled Tuesday Blitz July 4 Early 2023"]
[White "SicilianPanzer"]
[Black "Torres Dominguez, David"]
[BlackFideId "2220857"]
[WhiteElo "2245"]
[BlackElo "2153"]
[Result "0-1"]
[Round "5"]
[TimeControl "180+2"]
[Date "2023.07.04"]
[WhiteClock "0:00:00"]
[BlackClock "0:00:03"]
[Board "205"]

1. c4 e5 2. Nf3 Nc6 3. d4 e4 4. Nfd2 Nf6 5. e3 Bb4 6. Nc3 Bxc3 7. bxc3 d6 8. Ba3 b6 9. Be2 O-O 10. c5 bxc5 11. dxc5 d5 12. O-O Re8 13. Bb5 Bd7 14. Qa4 Ne5 15. c6 Bf5 16. Bc5 a6 17. Be2 Bg4 18. f3 exf3 19. gxf3 Bh3 20. Rfe1 Nh5 21. f4 Ng4 22. Bf3 Qh4 23. Re2 Nhf6 24. e4 dxe4 25. Nxe4 Nxe4 26. Rxe4 Rxe4 27. Qxe4 Nf6 28. Qe3 Re8 29. Qf2 Qxf4 30. Rd1 Bg4 31. Rd3 Bxf3 32. Rxf3 Qg5+ 33. Rg3 Qc1+ 34. Kg2 Qh6 35. Bd4 Ne4 36. Qe3 Qxe3 37. Rxe3 f5 38. Kf3 g6 39. Kf4 Kf7 40. Be5 Ke6 41. Bxc7 Kd5 42. Ba5 Kxc6 43. Rh3 h5 44. Rf3 Kc5 45. Rf1 Kc4 46. Rg1 Re6 47. Bb4 Nxc3 48. Rc1 Re4+ 49. Kg5 Kxb4 50. Kxg6 Rg4+ 51. Kxh5 Rg2 52. h4 Rh2 53. Kg5 Nxa2 54. Rb1+ Ka3 55. Kxf5 Rg2 56. h5 Nc3 0-1


[Site "https://www.chess.com"]

[Event "Titled Tuesday Blitz July 4 Early 2023"]
[White "Putri, Regita Desyari"]
[Black "Ho, In Hei Henry"]
[WhiteFideId "7109083"]
[BlackFideId "6002552"]
[WhiteElo "2242"]
[BlackElo "2070"]
[Result "1-0"]
[Round "5"]
[TimeControl "180+2"]
[Date "2023.07.04"]
[WhiteClock "0:01:06"]
[BlackClock "0:00:00"]
[Board "206"]

1. d4 d5 2. c4 c6 3. Nf3 e6 4. cxd5 exd5 5. Nc3 Nf6 6. Bg5 Be7 7. e3 O-O 8. Bd3 Bg4 9. Qc2 Nbd7 10. Ne5 h6 11. Bxf6 Nxf6 12. f3 Bd7 13. O-O-O b5 14. g4 Qa5 15. Kb1 b4 16. Ne2 b3 17. axb3 Rab8 18. h4 Be8 19. g5 Nh5 20. gxh6 g6 21. Rdg1 Bf6 22. Nf4 Nxf4 23. exf4 Bxe5 24. fxe5 Qb4 25. Bxg6 fxg6 26. Rxg6+ 1-0


[Site "https://www.chess.com"]

[Event "Titled Tuesday Blitz July 4 Early 2023"]
[White "Horokoskii"]
[Black "Howell, David W L"]
[BlackFideId "410608"]
[WhiteElo "2081"]
[BlackElo "2995"]
[Result "0-1"]
[Round "5"]
[TimeControl "180+2"]
[Date "2023.07.04"]
[WhiteClock "0:00:19"]
[BlackClock "0:00:38"]
[Board "207"]

1. d4 Nf6 2. c4 c5 3. d5 e6 4. Nc3 exd5 5. cxd5 d6 6. Nf3 g6 7. h3 Bg7 8. Bf4 O-O 9. a4 Na6 10. e3 Nb4 11. Be2 Bf5 12. O-O Ne4 13. Qb3 Re8 14. Rfd1 Nxc3 15. bxc3 Bc2 16. Qc4 Re4 17. Nd4 cxd4 18. Qxb4 dxe3 19. Qxd6 exf2+ 20. Kxf2 Bxd1 21. Rxd1 Bxc3 22. Bf3 Rxa4 23. h4 Qxh4+ 24. Bg3 Ra2+ 25. Kf1 Qh1# 0-1


[Site "https://www.chess.com"]

[Event "Titled Tuesday Blitz July 4 Early 2023"]
[White "Csonka, Balazs"]
[Black "Ivanova, Karina"]
[WhiteFideId "742910"]
[BlackFideId "24139750"]
[WhiteElo "2734"]
[BlackElo "2194"]
[Result "1/2-1/2"]
[Round "5"]
[TimeControl "180+2"]
[Date "2023.07.04"]
[WhiteClock "0:00:02"]
[BlackClock "0:00:45"]
[Board "208"]

1. e4 c6 2. Nf3 d5 3. exd5 cxd5 4. Ne5 Nc6 5. Bb5 Bd7 6. Nxd7 Qxd7 7. d4 Nf6 8. c3 e6 9. O-O Bd6 10. Nd2 O-O 11. Bd3 Rab8 12. Qe2 a6 13. f4 g6 14. Nf3 b5 15. Ne5 Qc7 16. Rf3 b4 17. Bxa6 bxc3 18. bxc3 Ne4 19. Qe1 Qb6 20. Bd3 Bxe5 21. fxe5 Nxe5 22. Bxe4 dxe4 23. Rh3 f5 24. Bf4 Nd3 25. Rxd3 exd3 26. Bxb8 Rxb8 27. Rd1 Qa6 28. Qd2 Qa3 29. h4 Rb2 30. Qxd3 Qxa2 31. Qg3 Rd2 32. Re1 Re2 33. Rf1 Qd2 34. h5 Kg7 35. hxg6 hxg6 36. Qc7+ Kh6 37. Qh2+ Kg7 38. Qc7+ Kh6 39. Qh2+ Kg7 40. Qc7+ 1/2-1/2


[Site "https://www.chess.com"]

[Event "Titled Tuesday Blitz July 4 Early 2023"]
[White "Karwowski, Kacper"]
[Black "Mishra, Manoj"]
[WhiteFideId "1126032"]
[BlackFideId "5006007"]
[WhiteElo "2566"]
[BlackElo "2193"]
[Result "0-1"]
[Round "5"]
[TimeControl "180+2"]
[Date "2023.07.04"]
[WhiteClock "0:00:21"]
[BlackClock "0:00:24"]
[Board "209"]

1. e4 g6 2. d4 Bg7 3. Nf3 d6 4. Bc4 Nf6 5. Qe2 O-O 6. O-O Nc6 7. h3 e5 8. dxe5 Nxe5 9. Nxe5 dxe5 10. Nc3 c6 11. a4 Qe7 12. Bb3 Be6 13. Bg5 Bxb3 14. cxb3 Qe6 15. Bxf6 Bxf6 16. Qc4 Qxc4 17. bxc4 Rfd8 18. Rfd1 Be7 19. Rxd8+ Rxd8 20. Rd1 Rxd1+ 21. Nxd1 Bc5 22. Kf1 Bd4 23. b3 Kf8 24. Ke2 Ke7 25. Ne3 Kd6 26. Nc2 Kc5 27. f3 f5 28. Kd3 Bf2 29. b4+ Kd6 30. c5+ Ke6 31. Ke2 Bd4 32. Nxd4+ exd4 33. exf5+ gxf5 34. f4 h5 35. Kd3 Kd5 36. g3 b6 37. cxb6 axb6 38. a5 bxa5 39. bxa5 c5 40. g4 c4+ 41. Ke2 fxg4 42. hxg4 hxg4 43. f5 d3+ 44. Ke3 g3 45. a6 Kc6 46. f6 g2 47. Kf2 d2 48. f7 d1=Q 49. f8=Q g1=Q# 0-1


[Site "https://www.chess.com"]

[Event "Titled Tuesday Blitz July 4 Early 2023"]
[White "Tinmaz, Kerem"]
[Black "HeinichessPY"]
[WhiteFideId "44559151"]
[WhiteElo "2377"]
[BlackElo "2155"]
[Result "1-0"]
[Round "5"]
[TimeControl "180+2"]
[Date "2023.07.04"]
[WhiteClock "0:00:01"]
[BlackClock "0:00:00"]
[Board "210"]

1. e4 c5 2. Nc3 Nc6 3. Bb5 g6 4. Bxc6 bxc6 5. d3 Bg7 6. Bd2 Rb8 7. b3 d6 8. Nge2 Nf6 9. O-O O-O 10. Qc1 Re8 11. Bh6 Bh8 12. f4 Ng4 13. Bg5 Qa5 14. Qd2 c4 15. h3 cxd3 16. cxd3 Qb6+ 17. d4 Nf6 18. e5 Nd5 19. Kh1 Ba6 20. Nxd5 cxd5 21. f5 dxe5 22. dxe5 Bxe5 23. Rae1 Qb4 24. Qxd5 Bf6 25. fxg6 hxg6 26. Bxf6 exf6 27. Qf3 Qd2 28. Qf2 Bb7 29. Nf4 Qxf2 30. Rxe8+ Rxe8 31. Rxf2 Re1+ 32. Kh2 Kg7 33. Rc2 Be4 34. Re2 Rxe2 35. Nxe2 g5 36. Nc3 Bd3 37. Nd5 Kg6 38. Nc7 a6 39. a4 Bc2 40. Nxa6 Bxb3 41. Nc5 Bc4 42. a5 Kf5 43. a6 Bd5 44. a7 Ba8 45. Nd7 g4 46. Nb6 Bb7 47. a8=Q Bxa8 48. Nxa8 gxh3 49. Kxh3 Kg5 50. Nb6 f5 51. Nd5 f4 52. Nc3 Kf5 53. Nd1 Ke4 54. Kg4 f5+ 55. Kg5 f3 56. g3 1-0


[Site "https://www.chess.com"]

[Event "Titled Tuesday Blitz July 4 Early 2023"]
[White "Seletsky, Grigory"]
[Black "BebeBonito2022"]
[WhiteFideId "14112191"]
[WhiteElo "2356"]
[BlackElo "2141"]
[Result "1-0"]
[Round "5"]
[TimeControl "180+2"]
[Date "2023.07.04"]
[WhiteClock "0:00:08"]
[BlackClock "0:00:00"]
[Board "211"]

1. e4 e5 2. Nf3 Nc6 3. Bc4 Nf6 4. d3 Bc5 5. O-O a6 6. Re1 Ba7 7. c3 h6 8. Bb3 d6 9. Nbd2 O-O 10. Nf1 Be6 11. Ng3 Re8 12. h3 d5 13. Qc2 d4 14. Bxe6 fxe6 15. c4 Bc5 16. a3 a5 17. b3 Rf8 18. Qe2 Qe8 19. Nh2 Qg6 20. Ng4 Nxg4 21. Qxg4 Qxg4 22. hxg4 Be7 23. f3 Bg5 24. Kf2 Bxc1 25. Rexc1 Ra6 26. Rab1 Rb6 27. Rc2 Ra8 28. Rcb2 Kf7 29. Ne2 Ke7 30. Nc1 Nb8 31. b4 axb4 32. axb4 Rba6 33. Ke2 Ra3 34. Kd2 Nd7 35. Rc2 Ra1 36. Rxa1 Rxa1 37. Rb2 Nf8 38. Kc2 Ng6 39. g3 Nf8 40. Ra2 Rxa2+ 41. Nxa2 Nh7 42. Kd2 Kd6 43. Nc1 Ng5 44. Ke2 c5 45. bxc5+ Kxc5 46. f4 Nf7 47. fxe5 Nxe5 48. Nb3+ Kb4 49. Nxd4 Kc3 50. Nxe6 Nxd3 51. Nxg7 Kxc4 52. Nf5 b5 53. Nxh6 b4 54. Nf5 Kc3 55. Ne3 b3 56. Nd1+ Kc2 57. g5 Ne5 58. g4 Ng6 59. Ne3+ Kc1 60. Nc4 Kc2 61. Ke3 Kc3 62. Na3 b2 63. Nb1+ Kc2 64. Nd2 Kc1 65. Nb3+ Kc2 66. Nd2 Kc1 67. Kd3 Ne5+ 68. Kc3 Nxg4 69. g6 1-0


[Site "https://www.chess.com"]

[Event "Titled Tuesday Blitz July 4 Early 2023"]
[White "Cardozo Munar, Carlos Eduardo"]
[Black "Suduvasachmatai"]
[WhiteFideId "4409477"]
[WhiteElo "2310"]
[BlackElo "2103"]
[Result "1-0"]
[Round "5"]
[TimeControl "180+2"]
[Date "2023.07.04"]
[WhiteClock "0:00:59"]
[BlackClock "0:00:30"]
[Board "212"]

1. e4 c5 2. Nf3 d6 3. Nc3 Nf6 4. Bc4 e6 5. O-O Nc6 6. h3 d5 7. exd5 exd5 8. Bb5 Be7 9. d4 O-O 10. dxc5 Bxc5 11. Bg5 Be6 12. Qd2 Bb4 13. Rad1 a6 14. Ba4 h6 15. Bh4 Qa5 16. Bb3 Ne4 17. Qe3 Bc5 18. Qf4 Nxc3 19. bxc3 Qxc3 20. Bxd5 Bxd5 21. Rxd5 Ne7 22. Rd7 Ng6 23. Qe4 Rae8 24. Qxb7 Nxh4 25. Nxh4 Bxf2+ 26. Rxf2 Qe1+ 27. Rf1 Qxh4 28. Rdxf7 Qd4+ 29. Kh1 Qd6 30. Rxg7+ Kh8 31. Rh7+ Kg8 32. Qg7# 1-0


[Site "https://www.chess.com"]

[Event "Titled Tuesday Blitz July 4 Early 2023"]
[White "Torres Hernandez, Leslie Carolin"]
[Black "Cramling Bellon, Anna"]
[WhiteFideId "8400504"]
[BlackFideId "32009232"]
[WhiteElo "2300"]
[BlackElo "2076"]
[Result "1-0"]
[Round "5"]
[TimeControl "180+2"]
[Date "2023.07.04"]
[WhiteClock "0:01:14"]
[BlackClock "0:00:01"]
[Board "213"]

1. e4 c5 2. Nf3 e6 3. d4 cxd4 4. Nxd4 Nf6 5. Bd3 Nc6 6. Nxc6 bxc6 7. c4 e5 8. O-O d6 9. Nc3 Be7 10. Re1 O-O 11. b3 Be6 12. Qf3 Qd7 13. h3 d5 14. cxd5 cxd5 15. exd5 Nxd5 16. Bb2 Nf4 17. Rad1 Nxd3 18. Rxd3 Qc7 19. Nd5 Bxd5 20. Rxd5 f6 21. Rc1 Qb7 22. Rcd1 Rac8 23. Qg4 Qb6 24. Rd7 f5 25. Qh5 g6 26. Qf3 e4 27. Qe2 Bf6 28. R1d6 Qb8 29. Bxf6 Rxf6 30. Rxf6 Rc1+ 31. Rd1 Rxd1+ 32. Qxd1 Qe5 33. Qd8+ Kg7 34. Qf8# 1-0


[Site "https://www.chess.com"]

[Event "Titled Tuesday Blitz July 4 Early 2023"]
[White "Allam, Yara"]
[Black "Coelho, Ramyres Santana"]
[WhiteFideId "10615709"]
[BlackFideId "2120690"]
[WhiteElo "2062"]
[BlackElo "2295"]
[Result "0-1"]
[Round "5"]
[TimeControl "180+2"]
[Date "2023.07.04"]
[WhiteClock "0:00:47"]
[BlackClock "0:01:53"]
[Board "214"]

1. e4 c5 2. Nf3 d6 3. d4 cxd4 4. Nxd4 Nf6 5. Nc3 a6 6. f3 e6 7. Be3 b5 8. Qd2 Bb7 9. g4 h6 10. h4 b4 11. Na4 Nc6 12. Nxc6 Bxc6 13. Nb6 Rb8 14. Qf2 d5 15. e5 Nd7 16. Nxd7 Qxd7 17. Bxa6 Be7 18. Bd3 f6 19. Bg6+ Kf8 20. Bd4 Bb5 21. f4 Rc8 22. f5 Qc6 23. Rc1 exf5 24. Bxf5 Re8 25. Rg1 Kg8 26. Bg6 Rf8 27. Qd2 fxe5 28. Bxe5 Qxg6 29. Qxd5+ Qf7 30. Qxb5 Qf2+ 31. Kd1 Rd8+ 0-1


[Site "https://www.chess.com"]

[Event "Titled Tuesday Blitz July 4 Early 2023"]
[White "Semenova, Alina"]
[Black "Biriukov, Ilja"]
[WhiteFideId "24113875"]
[BlackFideId "4113373"]
[WhiteElo "2056"]
[BlackElo "2267"]
[Result "0-1"]
[Round "5"]
[TimeControl "180+2"]
[Date "2023.07.04"]
[WhiteClock "0:00:00"]
[BlackClock "0:00:23"]
[Board "215"]

1. e4 c5 2. Nf3 d6 3. d4 cxd4 4. Nxd4 Nf6 5. Nc3 a6 6. f3 e6 7. Be3 Be7 8. Qd2 Qc7 9. O-O-O Nbd7 10. g4 b5 11. Kb1 Nb6 12. g5 Nfd7 13. h4 Bb7 14. Rg1 Ne5 15. Ncxb5 axb5 16. Nxb5 Qd8 17. Bxb6 Qxb6 18. f4 Nf3 19. Qc3 Nxg1 20. Nc7+ Kd7 21. Nxa8 Rxa8 22. e5 d5 23. f5 Bb4 24. Qg3 g6 25. fxe6+ fxe6 26. Bd3 Bc5 27. Qf4 Rf8 28. Qa4+ Bc6 29. Qg4 Bd4 30. b3 Be3 31. h5 Rf4 32. hxg6 Rxg4 33. g7 Rxg5 34. Bg6 Rxg6 35. Rxg1 Rxg1+ 36. Kb2 Bd4+ 0-1


[Site "https://www.chess.com"]

[Event "Titled Tuesday Blitz July 4 Early 2023"]
[White "Tuleyeva-Aketayeva, Dana"]
[Black "NtcPou"]
[WhiteFideId "13701932"]
[WhiteElo "2242"]
[BlackElo "2040"]
[Result "1-0"]
[Round "5"]
[TimeControl "180+2"]
[Date "2023.07.04"]
[WhiteClock "0:00:34"]
[BlackClock "0:00:40"]
[Board "216"]

1. d4 d5 2. Nf3 c6 3. g3 Nf6 4. Bg2 a6 5. O-O g6 6. c4 b5 7. cxd5 cxd5 8. a3 Bg7 9. Nc3 O-O 10. Ne5 Be6 11. Bg5 h6 12. Be3 g5 13. Qd2 Ra7 14. h4 gxh4 15. Bxh6 hxg3 16. Qg5 Ne8 17. Qxg3 Kh7 18. Bxg7 Nxg7 19. Qh4+ Kg8 20. Bf3 Bf5 21. Nxd5 Be6 22. Nf4 Qxd4 23. Ned3 Bf5 24. e3 Qd7 25. Rad1 Bxd3 26. Rxd3 Qf5 27. Rd5 e5 28. Ng2 Nd7 29. Be4 Qe6 30. Qh7# 1-0


[Site "https://www.chess.com"]

[Event "Titled Tuesday Blitz July 4 Early 2023"]
[White "Peiris, T G M"]
[Black "Politov, Pavel Y."]
[WhiteFideId "9901310"]
[BlackFideId "24110515"]
[WhiteElo "2232"]
[BlackElo "2040"]
[Result "1-0"]
[Round "5"]
[TimeControl "180+2"]
[Date "2023.07.04"]
[WhiteClock "0:00:13"]
[BlackClock "0:00:03"]
[Board "217"]

1. e4 c5 2. c3 Nf6 3. e5 Nd5 4. d4 cxd4 5. Nf3 d6 6. cxd4 Nc6 7. Bc4 Nb6 8. Bb5 dxe5 9. Nxe5 Bd7 10. Bxc6 Bxc6 11. Nxc6 bxc6 12. O-O e6 13. Be3 Be7 14. Nc3 O-O 15. Ne4 Nd5 16. Rc1 Rc8 17. Qa4 Qb6 18. Rc2 Rc7 19. Bd2 Qb5 20. Qxb5 cxb5 21. Nc5 Rfc8 22. b4 Nb6 23. Bc3 Nd5 24. Be1 Nb6 25. Re2 Bf6 26. Re4 Rd8 27. Bc3 Nd5 28. Bd2 Nb6 29. Bf4 Re7 30. Be5 Bxe5 31. dxe5 Nc4 32. Rfe1 Rd5 33. a4 Nd2 34. R4e3 bxa4 35. Nxa4 Rb7 36. Nc3 Rd8 37. Rd1 Rxb4 38. Re2 Rbd4 39. Rde1 h6 40. h3 Rd3 41. Nb5 R3d5 42. Nd6 Nb3 43. Re3 Nd4 44. Ra1 Nc2 45. Nb7 Nxe3 46. Nxd8 Rxd8 47. fxe3 Rd5 48. Rxa7 Rxe5 49. Ra3 Rd5 50. Kf2 Rd2+ 51. Kf3 Rc2 52. Ra7 Kh7 53. Rxf7 Kg6 54. Re7 Kf6 55. Re8 Rc3 56. g4 Kf7 57. Rd8 Rc1 58. Ke4 Kf6 59. Rf8+ Ke7 60. Rf3 Rh1 61. Ke5 Rc1 62. e4 Rc5+ 63. Kf4 Ra5 64. h4 Ra4 65. g5 hxg5+ 66. hxg5 Kf7 67. Ke5+ Ke7 68. g6 Ra5+ 69. Kd4 Ra4+ 70. Ke5 Ra5+ 71. Kf4 Ra4 72. Kg4 Rxe4+ 73. Kg5 Re5+ 74. Kg4 Re4+ 75. Kg3 Re5 76. Rf7+ Ke8 77. Rxg7 Rg5+ 78. Kf4 Kf8 79. Rf7+ Kg8 80. Kxg5 e5 81. Kf6 e4 82. Ra7 1-0


[Site "https://www.chess.com"]

[Event "Titled Tuesday Blitz July 4 Early 2023"]
[White "Vidruska, Renate"]
[Black "Lohani, Sujana"]
[WhiteFideId "11601841"]
[BlackFideId "12311987"]
[WhiteElo "2219"]
[BlackElo "1920"]
[Result "1-0"]
[Round "5"]
[TimeControl "180+2"]
[Date "2023.07.04"]
[WhiteClock "0:00:53"]
[BlackClock "0:00:00"]
[Board "218"]

1. e4 c5 2. Nf3 Nc6 3. d4 cxd4 4. Nxd4 g6 5. Nc3 Bg7 6. Be3 Nf6 7. Bc4 O-O 8. Bb3 d6 9. f3 Qb6 10. Nf5 Qa6 11. Ng3 b5 12. O-O Ne5 13. h4 Nc4 14. Bxc4 bxc4 15. h5 Rb8 16. Qc1 Qb7 17. Rb1 Be6 18. Kf2 Rfc8 19. Rh1 d5 20. e5 Nd7 21. f4 d4 22. Bxd4 Nc5 23. hxg6 hxg6 24. Qe3 Nd7 25. f5 gxf5 26. Qg5 Kf8 27. Nh5 1-0


[Site "https://www.chess.com"]

[Event "Titled Tuesday Blitz July 4 Early 2023"]
[White "Sariego Figueredo, Wilfredo"]
[Black "Vargas, Mauricio"]
[WhiteFideId "3500080"]
[BlackFideId "4404572"]
[WhiteElo "2205"]
[BlackElo "1869"]
[Result "0-1"]
[Round "5"]
[TimeControl "180+2"]
[Date "2023.07.04"]
[WhiteClock "0:00:14"]
[BlackClock "0:00:01"]
[Board "219"]

1. d4 d5 2. Bf4 Nf6 3. e3 g6 4. Nf3 Bg7 5. h4 Nbd7 6. Be2 h6 7. c4 c6 8. Nc3 e6 9. Bd6 Nb6 10. c5 Nc4 11. Bxc4 dxc4 12. Ne5 b5 13. Nxc6 Qd7 14. Ne5 Qb7 15. O-O a6 16. c6 Qb6 17. Bc5 Qc7 18. Qf3 b4 19. Bxb4 Rb8 20. Ba3 a5 21. Nxc4 Ba6 22. Nd6+ Kd8 23. Rfc1 h5 24. Nce4 Ng4 25. Nxf7+ Kc8 26. Nxh8 Qh2# 0-1


[Site "https://www.chess.com"]